 Dungeon Crawl Stone Soup version 0.24.0-123-gd5b16e6ec5 (webtiles) character file.

Game seed: 6400163318087673405, levelgen mode: deterministic

48022 grindst0ne the Cleaver (level 14, 0/169 HPs)
             Began as a Human Berserker on Feb 1, 2020.
             Was the Champion of Trog.
             Engulfed by a cloud of freezing vapour (10 damage)
             ... in an ice cave.
             The game lasted 00:33:10 (18658 turns).

grindst0ne the Cleaver (Human Berserker)           Turns: 18658, Time: 00:33:11

Health: 0/169      AC: 19    Str: 30    XL:     14   Next: 84%
Magic:  4/4        EV: 21    Int:  7    God:    Trog [******]
Gold:   780        SH: 16    Dex: 21    Spells: 13/13 levels left

rFire    . . .     SeeInvis .   r - +8 broad axe (antimagic)
rCold    . . .     Gourm    .   X - +0 shield
rNeg     . . .     Faith    .   y - +2 chain mail {MR+}
rPois    .         Spirit   .   b - +0 helmet
rElec    .         Reflect  +   s - +0 cloak
rCorr    .         Harm     .   Q - +1 pair of gloves
MR       ++++.                  (no boots)
Stlth    ..........             t - +2 amulet of reflection
HPRegen  1.38/turn              R - ring "Ruru" {EV+4 Dex+6}
MPRegen  0.09/turn              V - ring "Geyb" {Str+4 Stlth+}

@: berserking, regenerating, very quick
A: no striking features
a: Berserk, Trog's Hand, Brothers in Arms, Renounce Religion


You were in an ice cave.
You worshipped Trog.
Trog was exalted by your worship.
You were very hungry.

You visited 2 branches of the dungeon, and saw 17 of its levels.
You also visited: Ice Cave.

You collected 951 gold pieces.
You spent 171 gold pieces at shops.

Inventory:

Hand Weapons
 r - a +8 antimagic broad axe (weapon)
 C - the +8 dire flail of Waafesm {venom, *Slow Dex+4}
   (Trog gifted it to you on level 3 of the Lair of Beasts)

   It poisons the flesh of those it strikes.
   It affects your dexterity (+4).
   It may slow you when you take damage.
Missiles
 l - 2 throwing nets (quivered)
 J - 18 curare-tipped darts
Armour
 b - a +0 helmet (worn)
 s - a +0 cloak (worn)
 y - a +2 chain mail of magic resistance (worn)
 Q - a +1 pair of gloves (worn)
 X - a +0 shield (worn)
Jewellery
 t - a +2 amulet of reflection (around neck)
 v - an uncursed ring of flight
 I - an uncursed ring of protection from magic
 N - an uncursed ring of wizardry
 R - the ring "Ruru" (left hand) {EV+4 Dex+6}
   (You bought it in a shop on level 6 of the Dungeon)

   [ring of evasion]

   It affects your evasion (+4).
   It affects your dexterity (+6).
 V - the ring "Geyb" (right hand) {Str+4 Stlth+}
   (You found it on level 2 of the Lair of Beasts)

   [ring of stealth]

   It affects your strength (+4).
   It makes you more stealthy.
 W - an uncursed amulet of regeneration {unknown}
Wands
 e - a wand of iceblast (7)
 K - a wand of flame (16)
 T - a wand of digging (2)
 U - a wand of disintegration (10)
Scrolls
 f - 4 scrolls of teleportation
 h - 2 scrolls of fear
 i - a scroll of noise {unknown}
 j - 7 scrolls of immolation
 k - a scroll of acquirement {unknown}
 o - 5 scrolls of remove curse
 u - 2 scrolls of magic mapping
 B - 5 scrolls of fog {unknown}
 D - 3 scrolls of enchant armour {unknown}
 O - a scroll of random uselessness {unknown}
 Z - a scroll of blinking {unknown}
Potions
 a - a potion of resistance
 g - 2 potions of agility
 m - 2 potions of ambrosia
 n - 3 potions of mutation
 p - 2 potions of flight
 q - 5 potions of heal wounds
 x - a potion of magic {unknown}
 A - 3 potions of curing
 E - a potion of brilliance
 H - a potion of haste
 L - 6 potions of lignification
 M - 2 potions of might {unknown}
 S - 2 potions of invisibility {unknown}
 Y - 3 potions of cancellation
Comestibles
 c - 17 rations
 d - 6 chunks of flesh


   Skills:
 - Level 11.4 Fighting
 * Level 12.8 Axes
 - Level 11.0 Armour
 - Level 11.0 Dodging
 * Level 10.6 Shields


You had 13 spell levels left.
You didn't know any spells.
Your spell library contained the following spells:

 Spells                   Type           Power        Failure   Level  Hunger
 Corona                   Hex            #......      97%         1    ##.....
 Magic Dart               Conj           #...         97%         1    ##.....
 Blink                    Tloc           N/A          99%         2    ###....
 Call Imp                 Summ           #.......     99%         2    ###....
 Ensorcelled Hibernation  Hex/Ice        #.....       99%         2    ###....
 Slow                     Hex            #.......     99%         2    ###....
 Sublimation of Blood     Necr           #.........   99%         2    ###....
 Confuse                  Hex            #.......     100%        3    ####...
 Conjure Flame            Conj/Fire      #.......     100%        3    ####...
 Dazzling Spray           Conj/Hex       #.....       100%        3    ####...
 Ignite Poison            Fire/Tmut/Pois #.......     100%        3    ####...
 Mephitic Cloud           Conj/Pois/Air  #.......     100%        3    ####...
 Static Discharge         Conj/Air       #.......     100%        3    ####...
 Tukima's Dance           Hex            #.......     100%        3    ####...
 Petrify                  Tmut/Erth      #.......     100%        4    #####..
 Alistair's Intoxication  Tmut/Pois      #.......     100%        5    ######.
 Irradiate                Conj/Tmut      #.........   100%        5    ######.
 Lightning Bolt           Conj/Air       #.........   100%        5    ######.
 Ignition                 Fire           #.........   100%        8    #######
 Shatter                  Erth           #.........   100%        9    #######
 Tornado                  Air            #.........   100%        9    #######


Dungeon Overview and Level Annotations

Branches:
Dungeon (11/15)            Temple (0/1) D:7            Lair (6/6) D:8
 Shoals (0/4) Lair:2        Snake (0/4) Lair:3        Slime (0/5) Lair:5
    Orc (0/2) D:10          IceCv (1/1)

Altars:
Cheibriados
Nemelex Xobeh
Okawaru
Jiyva

Shops:
D:6 [**?*

Annotations:
Lair:6 exclusion: oklob plant


Message History

You are engulfed in freezing vapours.
* * * LOW HITPOINT WARNING * * *
You slash the frost giant!
The frost giant's magic leaks into the air.
The frost giant is severely wounded.
You are engulfed in freezing vapours.
* * * LOW HITPOINT WARNING * * *
The frost giant is engulfed in freezing vapours.
The frost giant hits you with a +2 battleaxe of freezing.
* * * LOW HITPOINT WARNING * * *
The frost giant freezes you.
* * * LOW HITPOINT WARNING * * *
The polar bear is engulfed in freezing vapours.
The polar bear goes berserk!
The polar bear is engulfed in freezing vapours. x2
You hit the frost giant.
The frost giant's magic leaks into the air.
The frost giant is severely wounded.
You are engulfed in freezing vapours.
You die...

# #####≈≈≈## #.
###...##≈≈≈# ...
##..##..≈#≈≈≈ ....
#..#####.≈≈#≈
#.... ########..#
######
#.Yh##○°÷##...#..#
#Yhh##○○○#######
####C##### ##@#
##°# #.# #.# #.#
#.# ##


You could see a frost giant, 3 polar bears and a yak.

Vanquished Creatures
  The ghost of Duffuska the Grappler, a journeyman DrTm of Wu Jian (Lair:4)
  Josephine (D:11)
  Harold (D:11)
  4 hydras
  7 death yaks
  Urug (Lair:3)
  A spectral death yak (Lair:4)
  An unseen horror (D:10)
  A spectral hydra (Lair:4)
  Maurice (D:11)
  A merfolk siren (Lair:2)
  An ice statue (IceCv)
  6 elephants
  4 black mambas
  10 spiny frogs
  A rime drake (Lair:4)
  5 komodo dragons
  A merfolk (Lair:2)
  2 trolls (D:9)
  4 hornets
  Prince Ribbit (D:8)
  A spectral dream sheep (Lair:4)
  12 polar bears
  9 blink frogs
  8 hippogriffs
  A spriggan (D:10)
  Sigmund (D:2)
  A redback (Lair:6)
  4 wraiths (D:11)
  7 wyverns
  A steam dragon (Lair:2)
  3 basilisks
  37 yaks
  6 hungry ghosts
  2 spectral komodo dragons (Lair:4)
  3 nagas (Lair:3)
  A two-headed ogre zombie (D:10)
  2 acid dragons (D:11)
  8 porcupines
  9 water moccasins
  2 ice beasts
  3 orc warriors
  2 necrophages
  2 sky beasts
  4 black bears
  6 ogres
  4 phantoms
  A centaur (D:8)
  25 wolves
  5 crocodiles
  8 bullfrogs
  5 gnoll sergeants
  A wyvern zombie (D:8)
  6 scorpions
  A troll zombie (D:10)
  11 killer bees
  3 howler monkeys (D:11)
  A torpor snail simulacrum (Lair:4)
  An electric eel (Lair:3)
  3 crimson imps
  2 bullfrog zombies
  3 centaur zombies
  A komodo dragon simulacrum (Lair:4)
  2 jellies
  3 gnoll shamans
  Crazy Yiuf (D:2)
  9 hounds
  6 orc priests
  Jessica (D:3)
  A bullfrog skeleton (D:4)
  Terence (D:3)
  3 iguanas
  9 orc wizards
  Natasha (thrice) (D:2)
  11 worker ants
  A killer bee zombie (D:10)
  6 ogre zombies (D:10)
  A hound skeleton (D:11)
  2 worker ant zombies
  21 gnolls
  16 adders
  6 shadow imps
  An adder zombie (D:8)
  3 worms
  2 dart slugs
  4 leopard geckos
  34 orcs
  A ball python (D:2)
  6 bats
  8 giant cockroaches
  9 hobgoblins
  9 jackals
  7 kobolds
  8 quokkas
  4 frilled lizards
  8 goblins
  3 goblin zombies (D:10)
  3 hobgoblin skeletons (D:10)
  3 hobgoblin zombies (D:10)
  A jackal skeleton (D:4)
  2 leopard gecko skeletons (D:5)
  A leopard gecko zombie (D:6)
  4 orc skeletons (D:10)
  12 orc zombies (D:10)
  A quokka skeleton (D:4)
  2 quokka zombies
  8 rats
  2 fungi
  2 plants
522 creatures vanquished.

Vanquished Creatures (collateral kills)
  An orc wizard (D:7)
1 creature vanquished.

Vanquished Creatures (others)
  4 polar bears (IceCv)
  A yak (IceCv)
  4 wolves (IceCv)
  A crocodile (Lair:2)
  A howler monkey (D:11)
  2 fungi
  4 plants
17 creatures vanquished.

Grand Total: 540 creatures vanquished

Notes
Turn   | Place    | Note
-------+----------+-------------------------------------------
     0 | D:1      | grindst0ne the Human Berserker began the quest for the Orb.
     0 | D:1      | Reached XP level 1. HP: 18/18 MP: 1/1
   139 | D:1      | Reached XP level 2. HP: 15/24 MP: 2/2
   787 | D:2      | Reached XP level 3. HP: 27/29 MP: 3/3
   791 | D:2      | Noticed Natasha
   820 | D:2      | Killed Natasha
   820 | D:2      | Reached XP level 4. HP: 30/37 MP: 4/4
  1018 | D:2      | Reached skill level 4 in Axes
  1267 | D:2      | Noticed Sigmund
  1282 | D:2      | Killed Sigmund
  1282 | D:2      | Reached skill level 5 in Fighting
  1282 | D:2      | Reached XP level 5. HP: 46/46 MP: 5/5
  1282 | D:2      | Reached XP level 6. HP: 52/52 MP: 6/6
  1405 | D:2      | Reached ** piety under Trog
  1646 | D:2      | Found a runed translucent door.
  1647 | D:2      | Noticed Crazy Yiuf
  1766 | D:2      | Noticed Natasha
  1774 | D:2      | Killed Natasha
  1874 | D:2      | Noticed Natasha
  2029 | D:2      | Killed Crazy Yiuf
  2033 | D:2      | Killed Natasha
  2319 | D:3      | Noticed Terence
  2324 | D:3      | Killed Terence
  2324 | D:3      | Reached XP level 7. HP: 59/59 MP: 7/7
  2851 | D:3      | Noticed Jessica
  2854 | D:3      | Killed Jessica
  3711 | D:4      | Reached XP level 8. HP: 69/69 MP: 8/8
  3715 | D:4      | Reached *** piety under Trog
  3933 | D:5      | Entered Level 5 of the Dungeon
  4680 | D:6      | Reached skill level 10 in Fighting
  4799 | D:6      | Found Agudayq's Assorted Antiques.
  4811 | D:6      | Bought an emerald potion for 23 gold pieces
  4811 | D:6      | Bought a scroll labeled REQEAC DUSU for 26 gold pieces
  4815 | D:6      | Found Kynwana's General Store.
  4853 | D:6      | Reached XP level 9. HP: 69/79 MP: 9/9
  4919 | D:6      | Found Iwor's Armour Emporium.
  4926 | D:6      | Found Kuhi's Assorted Antiques.
  4941 | D:6      | Reached **** piety under Trog
  4981 | D:6      | Bought a heavily runed jade ring for 100 gold pieces
  4982 | D:6      | Identified the ring "Ruru" {EV+4 Dex+6} (You bought it in a
                  | shop on level 6 of the Dungeon)
  5042 | D:6      | Found Xedwisua's Magic Scroll Boutique.
  5045 | D:6      | Bought a scroll of identify for 22 gold pieces
  5349 | D:7      | Found a staircase to the Ecumenical Temple.
  5389 | D:7      | You fall into a shaft and drop 1 floor!
  6318 | D:7      | Found a sparkling altar of Nemelex Xobeh.
  6589 | D:8      | Found a staircase to the Lair.
  6589 | D:8      | Noticed a death yak
  6591 | D:8      | Noticed a death yak
  6594 | D:8      | Noticed a death yak
  6594 | D:8      | Noticed a death yak
  6594 | D:8      | Noticed a death yak
  6595 | D:8      | Noticed a death yak
  6595 | D:8      | Noticed a death yak
  6607 | D:7      | Killed a death yak
  6607 | D:7      | Reached skill level 5 in Armour
  6607 | D:7      | Reached skill level 5 in Dodging
  6607 | D:7      | Reached XP level 10. HP: 88/88 MP: 10/10
  6655 | D:7      | Killed a death yak
  6785 | D:7      | Killed a death yak
  6841 | D:7      | Killed a death yak
  7076 | D:7      | Killed a death yak
  7076 | D:7      | Reached XP level 11. HP: 93/93 MP: 11/11
  7156 | D:7      | Killed a death yak
  7439 | D:8      | Reached ***** piety under Trog
  7661 | D:8      | Noticed Prince Ribbit
  7670 | D:8      | Killed Prince Ribbit
  9088 | D:9      | Found an iron altar of Okawaru.
  9481 | D:10     | Entered Level 10 of the Dungeon
  9679 | D:10     | Received a gift from Trog
  9797 | D:10     | Found a staircase to the Orcish Mines.
 10218 | D:10     | Killed an unseen horror
 10218 | D:10     | Reached skill level 5 in Axes
 10218 | D:10     | Reached skill level 10 in Armour
 10218 | D:10     | Reached skill level 10 in Dodging
 10218 | D:10     | Reached XP level 12. HP: 79/100 MP: 12/12
 10683 | D:11     | Noticed Josephine
 10696 | D:11     | Killed Josephine
 10696 | D:11     | Reached skill level 6 in Axes
 11003 | D:11     | Noticed Maurice
 11013 | D:11     | Killed Maurice
 11014 | D:11     | Found a snail-covered altar of Cheibriados.
 11332 | D:11     | Noticed Harold
 11339 | D:11     | Reached ****** piety under Trog
 11348 | D:11     | Killed Harold
 11348 | D:11     | Reached skill level 7 in Axes
 11600 | Lair:1   | Entered Level 1 of the Lair of Beasts
 11827 | Lair:1   | Noticed Sonja
 11831 | Lair:1   | Noticed Sonja
 11831 | Lair:1   | Sonja changed into Sonja the polar bear
 11836 | Lair:1   | Killed Sonja the polar bear
 11981 | Lair:1   | Received a gift from Trog
 12145 | Lair:1   | Reached skill level 1 in Shields
 12146 | Lair:1   | Reached skill level 8 in Axes
 12780 | Lair:2   | Reached XP level 13. HP: 106/106 MP: 4/13
 13212 | Lair:2   | Found a staircase to the Shoals.
 13233 | Lair:2   | Reached skill level 9 in Axes
 13392 | Lair:2   | Got a vibrating bronze ring
 13395 | Lair:2   | Identified the ring "Geyb" {Str+4 Stlth+} (You found it on
                  | level 2 of the Lair of Beasts)
 13453 | Lair:2   | Reached skill level 5 in Shields
 13984 | Lair:3   | Noticed Urug
 14013 | Lair:3   | Killed Urug
 14098 | Lair:3   | Reached skill level 10 in Axes
 14134 | Lair:3   | Received a gift from Trog
 14137 | Lair:3   | Got a bloodstained dire flail {god gift}
 14470 | Lair:3   | Found a staircase to the Snake Pit.
 15090 | Lair:4   | Found a runed translucent gate.
 15090 | Lair:4   | Found a runed translucent gate.
 15092 | Lair:4   | Found a runed translucent gate.
 15185 | Lair:4   | Noticed a five-headed hydra
 15382 | Lair:4   | Noticed a four-headed hydra
 15395 | Lair:4   | Identified the +8 dire flail of Waafesm {venom, *Slow
                  | Dex+4} (Trog gifted it to you on level 3 of the Lair of
                  | Beasts)
 15403 | Lair:4   | Killed a five-headed hydra
 15403 | Lair:4   | Reached skill level 11 in Axes
 15497 | Lair:4   | Reached XP level 14. HP: 73/113 MP: 14/14
 15998 | Lair:4   | Noticed Duffuska's ghost (journeyman DrTm)
 16644 | Lair:5   | Found a viscous altar of Jiyva.
 16645 | Lair:5   | Found a staircase to the Slime Pits.
 16918 | Lair:4   | Killed Duffuska's ghost
 17270 | Lair:6   | Entered Level 6 of the Lair of Beasts
 17300 | Lair:6   | Received a gift from Trog
 17329 | Lair:6   | Reached skill level 12 in Axes
 17581 | Lair:6   | Got a shimmering falchion
 17676 | Lair:6   | Reached skill level 10 in Shields
 17702 | Lair:6   | Found a frozen archway.
 17706 | IceCv    | Entered an ice cave
 17906 | IceCv    | Identified the +8 falchion of the Establishment {venom,
                  | Fragile Str+3} (You found it on level 6 of the Lair of
                  | Beasts)
 18239 | IceCv    | Received a gift from Trog
 18633 | IceCv    | Noticed a frost giant
 18658 | IceCv    | Engulfed by a cloud of freezing vapour

Levels and vault maps discovered:
D:1:      dpeg_arrival_orchard, layout_basic, minmay_tree_intersection
D:2:      layout_basic, uniq_crazy_yiuf_cottage, uniq_sigmund, uniq_natasha
D:3:      layout_basic, first_ration, uniq_jessica, uniq_terence
D:4:      layout_basic
D:5:      layout_loops_ring, chequers_serial_rivers_micro_a,
          minmay_a_box_with_orc_wizards_in_it
D:6:      layout_rooms, serial_shops, shop, nicolae_shop_behind_doors,
          nicolae_shop_crystal, nicolae_shop_waterfront, shop
D:7:      layout_loops_corners, minmay_temple_entry_tees,
          nemelex_spade_bored_becter
D:8:      layout_rooms, dpeg_lair_monsters, uniq_prince_ribbit1
D:9:      layout_cave_pods, nicolae_overflow_crystal_walls, serial_gnoll_camp,
          gnoll_camp_mini_hut, gnoll_camp_huts_basic, gnoll_camp_mini_hut,
          gnoll_camp_mini_house
D:10:     layout_stronghold, zombieorc2_lemuel, hangedman_stone_soup,
          kennysheep_generic_room_2
D:11:     layout_roguey, cheibriados_altar_1, uniq_maurice, uniq_harold,
          uniq_josephine
Lair:1:   layout_cave_pods, uniq_sonja
Lair:2:   layout_roguey, elwin_shoals_entry_rooms
Lair:3:   layout_gridlike, minmay_snake_entry_guardpost_small, uniq_urug
Lair:4:   layout_hall_layers, gammafunk_ghost_necromancy, beast_lair_carwin_5
Lair:5:   layout_roguey, dpeg_slime_entry_enclosed_altar,
          kennysheep_catoblepas_arena
Lair:6:   hangedman_lair_tendril_chambers, layout_layer_cave,
          portal_ice_cave_entry_pillars_2, zaba_antful_of_joy
IceCv:    ice_cave_caverns_03

Skill      XL: |  1  2  3  4  5  6  7  8  9 10 11 12 13 14 |
---------------+-------------------------------------------+-----
Fighting       | 5 6 8 10 11 | 11.4
Axes           | 4 5 8 11 12 | 12.8
Armour         | 5 7 10 11 | 11.0
Dodging        | 5 7 10 11 | 11.0
Shields        | 2 8 10 | 10.6

Action                   |  1- 3 |  4- 6 |  7- 9 | 10-12 | 13-15 || total
-------------------------+-------+-------+-------+-------+-------++-------
Melee: Hand axe          |    72 |    24 |       |       |       ||    96
       Spear             |       |    59 |       |       |       ||    59
       Quarterstaff      |       |     9 |   343 |   288 |       ||   640
       Battleaxe         |       |       |       |   208 |       ||   208
       Broad axe         |       |       |       |    43 |   568 ||   611
       Dire flail        |       |       |       |       |    43 ||    43
Invok: Berserk           |     1 |     4 |     7 |    16 |     8 ||    36
       Trog's Hand       |       |       |       |       |     1 ||     1
Evoke: Wand              |       |       |       |     2 |     6 ||     8
  Use: Scroll            |       |       |     7 |     5 |     6 ||    18
       Potion            |       |       |       |       |     3 ||     3
 Stab: Sleeping          |     1 |       |       |     4 |       ||     5
       Paralysed         |       |       |     3 |     2 |       ||     5
       Confused          |       |       |     2 |       |       ||     2
  Eat: Chunk             |       |     9 |    19 |    27 |    23 ||    78
       Ration            |       |       |       |     6 |     1 ||     7
Armor: Animal skin       |    10 |     7 |       |       |       ||    17
       Leather armour    |       |     3 |    66 |   120 |       ||   189
       Scale mail        |       |       |    33 |       |       ||    33
       Chain mail        |       |       |       |    29 |   220 ||   249
Dodge: Dodged            |    42 |    51 |   263 |   752 |   535 ||  1643
Block: Other             |       |       |    23 |    52 |    14 ||    89
       Shield            |       |       |       |       |   416 ||   416
